 Dungeon Crawl Stone Soup version 0.25.1-2-g60ff931df9 (webtiles) character file.

Game seed: 9118544795719175105

132073 Drachen the Fencer (level 16, -4/201 HPs)
             Began as a Demigod Gladiator on Oct 16, 2020.
             Killed from afar by Nikola (19 damage)
             ... with a chain lightning
             ... on level 2 of the Spider Nest.
             The game lasted 01:57:32 (37590 turns).

Drachen the Fencer (Demigod Gladiator)             Turns: 37590, Time: 01:57:35

Health: -4/201     AC: 16    Str: 21    XL:     16   Next: 8%
Magic:  22/22      EV: 27    Int: 14    God:
Gold:   1354       SH:  7    Dex: 30    Spells: 17/19 levels left

rFire    . . .     SeeInvis .   K - +6 long sword
rCold    . . .     Gourm    .   Q - +0 buckler
rNeg     . . .     Faith    .   a - +1 scale mail of Darkness {rPois Dex+7}
rPois    +         Spirit   .   (helmet restricted)
rElec    .         Reflect  .   c - +1 cloak
rCorr    .         Harm     .   W - +0 pair of gloves
MR       +....                  (no boots)
Stlth    ..........             q - amulet of the acrobat
HPRegen  0.43/turn              n - +4 ring of protection
MPRegen  0.18/turn              F - +4 ring of evasion

@: berserking, very quick
A: hooves 1, horns 1, clever 1, high mp 1
a: no special abilities


You were on level 2 of the Spider Nest.
You were not hungry.

You visited 4 branches of the dungeon, and saw 24 of its levels.
You visited 1 bazaar.
You also visited: Ossuary.

You collected 2835 gold pieces.
You spent 1481 gold pieces at shops.

Inventory:

Hand Weapons
 C - a +4 short sword of electrocution
 K - a +6 long sword (weapon)
Missiles
 u - a curare-tipped dart (quivered)
 w - 48 boomerangs
 N - 3 poisoned darts
 X - 2 javelins
Armour
 a - the +1 scale mail of Darkness (worn) {rPois Dex+7}
   (You found it on level 13 of the Dungeon)

   It affects your dexterity (+7).
   It protects you from poison.
 c - a +1 cloak (worn)
 Q - a +0 buckler (worn)
 W - a +0 pair of gloves (worn)
Jewellery
 n - a +4 ring of protection (left hand)
 q - an amulet of the acrobat (around neck)
 y - an uncursed ring of protection from cold
 F - a +4 ring of evasion (right hand)
 G - an uncursed ring of flight
 R - an uncursed ring of poison resistance
 U - an uncursed ring of protection from cold
Wands
 I - a wand of digging (8)
 L - a wand of iceblast (6)
 Y - a wand of acid (9)
Scrolls
 b - 5 scrolls of enchant weapon
 e - 11 scrolls of remove curse
 h - 4 scrolls of teleportation
 o - 2 scrolls of brand weapon
 v - a scroll of silence
 x - 2 scrolls of fear
 z - 5 scrolls of amnesia
 A - a scroll of identify
 B - 3 scrolls of enchant armour
 P - 2 scrolls of fog
 S - 2 scrolls of magic mapping
 V - 2 scrolls of blinking
Potions
 i - 5 potions of curing
 j - a potion of invisibility
 k - a potion of resistance
 l - 7 potions of lignification
 m - a potion of cancellation
 r - 3 potions of flight
 t - 3 potions of heal wounds
 D - a potion of berserk rage
 E - 5 potions of brilliance
 H - a potion of haste
 J - 4 potions of might
 M - 5 potions of stabbing {unknown}
 O - a potion of ambrosia {unknown}
 T - 4 potions of magic
Miscellaneous
 s - 2 phantom mirrors
Comestibles
 f - 32 rations
 g - 2 chunks of flesh


   Skills:
 - Level 10.0 Fighting
 + Level 15.3 Long Blades
 - Level 12.0 Throwing
 - Level 8.0 Armour
 + Level 13.0 Dodging
 - Level 4.0 Shields
 - Level 2.0 Spellcasting
 - Level 7.0 Translocations


You had 17 spell levels left.
You knew the following spells:

 Your Spells              Type           Power        Failure   Level  Hunger
a - Blink                 Tloc           N/A          4%          2    ###....

Your spell library contained the following spells:

 Spells                   Type           Power        Failure   Level  Hunger
 Gell's Gravitas          Tloc           ###.......   10%         3    ####...
 Lesser Beckoning         Tloc           ###.......   10%         3    ####...
 Teleport Other           Tloc           ###.....     10%         3    ####...
 Shroud of Golubria       Chrm/Tloc      ##....       21%         2    ###....
 Passage of Golubria      Tloc           N/A          32%         4    #####..
 Magic Dart               Conj           #...         50%         1    ##.....
 Call Imp                 Summ           #.......     65%         2    ###....
 Searing Ray              Conj           #.....       65%         2    ###....
 Slow                     Hex            #.......     65%         2    ###....
 Iskenderun's Mystic Bla  Conj/Tloc      ##......     80%         4    #####..
 Conjure Flame            Conj/Fire      #.......     86%         3    ####...
 Dazzling Flash           Conj/Hex       #.....       86%         3    ####...
 Mephitic Cloud           Conj/Pois/Air  #.......     86%         3    ####...
 Fulminant Prism          Conj/Hex       #.........   99%         4    #####..


Dungeon Overview and Level Annotations

Branches:
Dungeon (14/15)            Temple (0/1) D:5            Lair (6/6) D:11
 Shoals (0/4) Lair:3       Spider (2/4) Lair:4        Slime (0/5) Lair:5
    Orc (2/2) D:10            Elf (0/3) Orc:2       Ossuary (visited)
 Vaults: D:13-14

Shops:
D:8 *   D:10 :   Orc:2 (=[*

Annotations:
Lair:2 2 transporters, exclusion: 2 oklob plants, mandor's ghost, journeyman GnCK
Spider:2 Nikola


Innate Abilities, Weirdness & Mutations

You have an increased reservoir of magic. (+10% MP)
You have large cloven feet.
You have a pair of small horns on your head.
Your mind is acute. (Int +2)


Message History

Nikola is heavily wounded.
Your scale mail of Darkness prevents you from hitting Nikola.
You kick Nikola. Your headbutt misses Nikola.
Nikola is heavily wounded.
Nikola hits you but does no damage.
You hit Nikola. You kick Nikola.
Nikola is heavily wounded.
A red film seems to cover your vision as you go berserk!
You feel yourself moving faster!
You feel mighty! The demonic crawler closely misses you.
The demonic crawler barely misses you. The demonic crawler closely misses you.
Nikola gestures wildly while chanting.
You hear a mighty clap of thunder!
The lightning arc hits you!!
* * * LOW HITPOINT WARNING * * *
The lightning arc hits the demonic crawler!
The demonic crawler resists.
The lightning arc hits you!!
* * * LOW HITPOINT WARNING * * *
The lightning arc hits Nikola!
The lightning arc hits you!!
You die...

######<.# ........# #...
..... .>......#.. #.^.
.... .......#...#....... .
..?...##..#..^#..# ...
####.....#....(.(.. ....
......(..#........##...$
..#......##.....@.#.....
..#####.....#...@......^
.<....(%†...#..#s...###.
..†......††.##......#..
##....#......#.....##!.
......#......^........###.
....#########.....#.......
.#..#....................
##..#^....^............###
#####..).........#.......^


You could see Nikola (very poisoned, slow) and a demonic crawler.

Vanquished Creatures
  Agnes (Spider:2)
  An orc warlord (Orc:2)
  3 entropy weavers
  Snorg (D:10)
  Josephine (D:11)
  9 hydras
  2 catoblepae (Lair:5)
  An ogre mage (D:12)
  3 death yaks
  5 two-headed ogres (D:12)
  Urug (D:11)
  A queen ant (Lair:6)
  An orc high priest (Orc:2)
  Sonja (Lair:6)
  Nergalle (Lair:2)
  3 unseen horrors
  7 orc knights
  Pikel (D:6)
  8 wolf spiders
  2 orb spiders
  A deep elf mage (D:10)
  2 manticores (Lair:5)
  An orc sorcerer (Orc:2)
  4 ugly things
  4 cyclopes
  18 elephants
  28 spiny frogs
  4 black mambas
  A gargoyle (D:11)
  A rime drake (Lair:4)
  3 komodo dragons
  2 demonic crawlers
  8 trolls
  19 jumping spiders
  2 polar bears (Lair:4)
  4 tyrant leeches (Lair:6)
  20 blink frogs
  3 hornets
  A meliai zombie (D:10)
  4 slime creatures
  12 hippogriffs
  30 redbacks
  2 tarantellas (Spider:1)
  3 wraiths
  Grum (Lair:1)
  12 yaks
  9 vampire mosquitoes
  2 hungry ghosts (D:10)
  2 basilisks
  Edmund (D:6)
  4 wargs
  An acid dragon (D:10)
  10 water moccasins
  13 soldier ants
  10 porcupines
  A floating eye (Lair:2)
  A hornet zombie (D:11)
  3 black bears
  3 ice beasts
  3 phantoms
  34 orc warriors
  15 ogres
  8 sky beasts
  A necrophage (D:10)
  13 wolves
  9 centaurs
  11 crocodiles
  A big kobold (D:8)
  Blork the orc (D:6)
  29 bullfrogs
  A water moccasin zombie (Ossuary)
  A scorpion (D:10)
  9 killer bees
  9 wights
  An electric eel (Lair:6)
  3 howler monkeys
  9 crimson imps
  2 centaur zombies
  3 jellies
  2 bullfrog zombies
  7 hounds
  2 centaur skeletons
  11 orc priests
  A gnoll shaman (D:8)
  3 iguanas
  A bullfrog skeleton (D:11)
  23 orc wizards
  31 worker ants
  A killer bee zombie (D:7)
  3 big kobold zombies (Ossuary)
  A hound zombie (D:10)
  2 mummies (Ossuary)
  3 howler monkey skeletons
  12 adders
  13 gnolls
  A river rat (D:10)
  3 shadow imps
  9 adder zombies (Ossuary)
  4 worms
  2 dart slugs (D:2)
  4 leopard geckos
  84 orcs
  6 bats
  6 giant cockroaches
  4 gnoll zombies (Ossuary)
  8 goblins
  7 hobgoblins
  11 jackals
  5 kobolds
  2 quokkas
  A ball python skeleton (D:4)
  6 frilled lizards
  3 hobgoblin zombies (Ossuary)
  4 kobold zombies (Ossuary)
  2 orc zombies (Ossuary)
  A quokka zombie (D:7)
  4 rats
759 creatures vanquished.

Vanquished Creatures (collateral kills)
  A vampire mosquito (D:12)
1 creature vanquished.

Vanquished Creatures (others)
  A two-headed ogre (D:12)
  A jumping spider (Spider:2)
  A slave (D:6)
  A quokka (D:6)
  15 fungi
  50 plants
69 creatures vanquished.

Grand Total: 829 creatures vanquished

Notes
Turn   | Place    | Note
-------+----------+-------------------------------------------
     0 | D:1      | Drachen the Demigod Gladiator began the quest for the Orb.
     0 | D:1      | Reached XP level 1. HP: 17/17 MP: 3/3
   336 | D:1      | Reached XP level 2. HP: 22/24 MP: 4/4
   679 | D:2      | Reached skill level 3 in Long Blades
   679 | D:2      | Reached skill level 1 in Armour
   725 | D:2      | Noticed an ice beast
   743 | D:1      | Reached XP level 3. HP: 10/29 MP: 5/5
  1191 | D:2      | Found a basalt altar of Yredelemnul.
  1221 | D:2      | Reached XP level 4. HP: 32/36 MP: 6/6
  1552 | D:2      | Found a faded altar of an unknown god.
  1585 | D:2      | Found a shadowy altar of Dithmenos.
  1686 | D:2      | Killed an ice beast
  1686 | D:2      | Reached skill level 4 in Long Blades
  1686 | D:2      | Reached XP level 5. HP: 27/41 MP: 7/7
  2200 | D:3      | Found an ornate altar of the Wu Jian Council.
  2787 | D:3      | Reached skill level 5 in Long Blades
  2873 | D:3      | Found a radiant altar of Vehumet.
  3147 | D:3      | Reached XP level 6. HP: 42/48 MP: 8/8
  3726 | D:4      | Reached skill level 6 in Long Blades
  4135 | D:5      | Entered Level 5 of the Dungeon
  4221 | D:5      | Reached XP level 7. HP: 40/55 MP: 9/9
  4247 | D:5      | Reached skill level 7 in Long Blades
  4362 | D:5      | Found a glowing drain.
  4864 | D:5      | Found a staircase to the Ecumenical Temple.
  5139 | D:6      | Reached skill level 8 in Long Blades
  5316 | D:6      | Noticed Pikel
  5333 | D:6      | Killed Pikel
  5333 | D:6      | Reached skill level 9 in Long Blades
  5333 | D:6      | Reached XP level 8. HP: 54/61 MP: 10/10
  5416 | D:6      | Noticed Edmund
  5487 | D:6      | Killed Edmund
  5744 | D:6      | Found an iron altar of Okawaru.
  5781 | D:6      | Reached skill level 10 in Long Blades
  5897 | D:6      | Found a sparkling altar of Nemelex Xobeh.
  5982 | D:6      | Noticed Blork the orc
  5998 | D:6      | Killed Blork the orc
  6248 | D:7      | Found a sand-covered staircase.
  6256 | Ossuary  | Entered an ossuary
  6635 | D:7      | Reached XP level 9. HP: 54/67 MP: 11/11
  7407 | D:7      | Found a blossoming altar of Fedhas.
  7456 | D:8      | Reached skill level 5 in Dodging
  7739 | D:8      | Reached skill level 11 in Long Blades
  8183 | D:8      | Found an opulent altar of Gozag.
  8204 | D:8      | Found Siqy's Mayhem Merchandise.
  8498 | D:9      | Found a white marble altar of Elyvilon.
  8555 | D:9      | Reached XP level 10. HP: 78/78 MP: 13/13
  9192 | D:9      | Reached skill level 5 in Armour
  9192 | D:9      | Reached skill level 1 in Shields
  9288 | D:10     | Entered Level 10 of the Dungeon
  9446 | D:10     | Killed an unseen horror
  9826 | D:10     | Reached skill level 5 in Fighting
  9876 | D:10     | Found Ecarepla's Book Shoppe.
  9881 | D:10     | Bought a book of Minor Magic for 220 gold pieces
  9884 | D:10     | Learned a level 2 spell: Blink
 10063 | D:10     | Reached skill level 1 in Spellcasting
 10063 | D:10     | Reached skill level 1 in Translocations
 10417 | D:10     | Found a staircase to the Orcish Mines.
 10656 | D:11     | Noticed a seven-headed hydra
 10667 | D:11     | Noticed Snorg
 10668 | D:11     | Killed a seven-headed hydra
 11195 | D:10     | Killed Snorg
 11195 | D:10     | Reached XP level 11. HP: 29/86 MP: 17/17
 11468 | D:11     | Noticed a four-headed hydra
 11480 | D:11     | Killed a four-headed hydra
 11480 | D:11     | Reached skill level 12 in Long Blades
 11610 | D:11     | Noticed a six-headed hydra
 11612 | D:11     | Identified the +4 battleaxe "Geshrufi" {flame, Fragile rN++
                  | MR++}
 11613 | D:11     | Noticed an eight-headed hydra
 11953 | D:10     | Killed a six-headed hydra
 12412 | Orc:1    | Entered Level 1 of the Orcish Mines
 12412 | Orc:1    | Noticed an orc knight
 12718 | D:11     | Noticed Josephine
 12903 | D:10     | Killed an eight-headed hydra
 12925 | D:11     | Reached skill level 5 in Translocations
 13294 | D:11     | Noticed a death yak
 13295 | D:11     | Noticed a death yak
 13295 | D:11     | Noticed a death yak
 13339 | D:11     | Found a staircase to the Lair.
 13340 | D:11     | Noticed Urug
 13891 | D:11     | Killed Josephine
 14066 | D:10     | Killed a death yak
 14553 | D:11     | Killed Urug
 14892 | D:11     | Paralysed by a hornet for 1 turns
 15734 | D:11     | Killed an unseen horror
 15734 | D:11     | Reached XP level 12. HP: 66/96 MP: 18/18
 16355 | D:12     | Noticed an eight-headed hydra
 16386 | D:12     | Killed an eight-headed hydra
 17488 | D:12     | Noticed a seven-headed hydra
 17699 | D:12     | Reached skill level 13 in Long Blades
 17770 | D:12     | Noticed an ogre mage
 18216 | D:12     | Killed an ogre mage
 18357 | D:12     | Killed a seven-headed hydra
 18521 | D:12     | Noticed a four-headed hydra
 18528 | D:12     | Killed a four-headed hydra
 19117 | D:13     | Gained mutation: You are resistant to hostile enchantments.
                  | (MR+) [potion of mutation]
 19117 | D:13     | Gained mutation: You are clumsy. (Dex -2) [potion of
                  | mutation]
 19117 | D:13     | Gained mutation: Your body sometimes deteriorates upon
                  | taking damage. [potion of mutation]
 19117 | D:13     | Lost mutation: You are clumsy. (Dex -2) [potion of
                  | mutation]
 19118 | D:13     | Lost mutation: You are resistant to hostile enchantments.
                  | (MR+) [potion of mutation]
 19118 | D:13     | Lost mutation: Your body sometimes deteriorates upon taking
                  | damage. [potion of mutation]
 19118 | D:13     | Gained mutation: Your mind is acute. (Int +2) [potion of
                  | mutation]
 19118 | D:13     | Gained mutation: You have a pair of small horns on your
                  | head. [potion of mutation]
 19118 | D:13     | Gained mutation: You have large cloven feet. [potion of
                  | mutation]
 20116 | D:13     | Got a faintly humming scale mail
 20142 | D:13     | Identified the cursed +1 scale mail of Darkness {rPois
                  | Dex+7} (You found it on level 13 of the Dungeon)
 20583 | D:14     | Found a flickering gateway to a bazaar.
 20912 | D:14     | Noticed a vault guard
 20917 | D:14     | Noticed a vault guard
 20918 | D:14     | Noticed a vault guard
 20922 | Bazaar   | Entered a bazaar
 21203 | Bazaar   | Found Bocsaygetu's Assorted Antiques.
 21232 | Bazaar   | Found Juun's Assorted Antiques.
 21281 | Bazaar   | Found Bonlixt's Antique Weapon Shoppe.
 21320 | Bazaar   | Bought a pitted rapier for 324 gold pieces
 21320 | Bazaar   | Identified the +3 rapier of Gallantry {vorpal, Int+5 Dex+5}
                  | (You bought it in a shop in a bazaar)
 21365 | Bazaar   | Bought a scroll of identify for 30 gold pieces
 21370 | Bazaar   | Bought a scroll labeled BAZUM YXZAUF for 15 gold pieces
 21372 | Bazaar   | Bought a red potion for 13 gold pieces
 21372 | Bazaar   | Bought a potion of curing for 45 gold pieces
 21372 | Bazaar   | Bought a pair of gloves for 67 gold pieces
 21409 | D:14     | Noticed a vault guard
 21409 | D:14     | Noticed a vault guard
 21411 | D:14     | Noticed a vault guard
 21705 | Lair:1   | Entered Level 1 of the Lair of Beasts
 21705 | Lair:1   | Noticed Grum
 21736 | Lair:1   | Killed Grum
 21770 | Lair:1   | Reached XP level 13. HP: 57/105 MP: 19/19
 22875 | Lair:2   | Reached skill level 5 in Throwing
 22999 | Lair:2   | Reached skill level 10 in Dodging
 23001 | Lair:2   | Identified the +8 trident "Ecewkeill" {vorpal, rN+ Str+4
                  | Int+3 Dex-4}
 23005 | Lair:2   | Found a bloodstained altar of Trog.
 23005 | Lair:2   | Noticed mandor's ghost (journeyman GnCK)
 23007 | Lair:2   | Identified the +4 trident of Indomitability {vorpal, MR+
                  | Int+3}
 23193 | Lair:2   | Noticed Nergalle
 23204 | Lair:2   | Killed Nergalle
 23352 | Lair:2   | Found a transporter.
 23352 | Lair:2   | Found a transporter.
 24736 | Lair:3   | Found a staircase to the Shoals.
 24798 | Lair:3   | Reached skill level 14 in Long Blades
 25590 | Lair:4   | Found a hole to the Spider Nest.
 25676 | Lair:4   | Reached skill level 10 in Throwing
 28528 | Lair:5   | Found a viscous altar of Jiyva.
 28528 | Lair:5   | Found a staircase to the Slime Pits.
 28895 | Lair:6   | Entered Level 6 of the Lair of Beasts
 28983 | Lair:6   | Reached XP level 14. HP: 74/114 MP: 20/20
 29007 | Lair:6   | Noticed Sonja
 30079 | Lair:6   | Killed Sonja
 31096 | Lair:6   | Reached XP level 15. HP: 125/125 MP: 21/21
 32844 | Orc:2    | Entered Level 2 of the Orcish Mines
 33206 | Orc:2    | Reached skill level 10 in Fighting
 33463 | Orc:2    | Found Mycijiw's Antique Armour Emporium.
 33551 | Orc:2    | Found a staircase to the Elven Halls.
 34337 | Orc:2    | Found Zyipi's Antique Weapon Shoppe.
 34352 | Orc:2    | Bought a jewelled long sword for 263 gold pieces
 34352 | Orc:2    | Identified the cursed +0 long sword of Racad {vorpal, rPois
                  | MR+ Int+4 Dex-2 SInv} (You bought it in a shop on level 2
                  | of the Orcish Mines)
 34480 | Orc:2    | Found Sicwu's Jewellery Emporium.
 34507 | Orc:2    | Found Ifo Botyth's General Store.
 34703 | Orc:2    | Bought a +4 ring of protection for 504 gold pieces
 35459 | Spider:1 | Entered Level 1 of the Spider Nest
 36436 | Spider:1 | Reached skill level 15 in Long Blades
 37413 | Spider:2 | Reached XP level 16. HP: 126/134 MP: 22/22
 37447 | Spider:2 | Noticed Agnes
 37461 | Spider:2 | Killed Agnes
 37575 | Spider:2 | Noticed Nikola
 37590 | Spider:2 | Killed from afar by Nikola

Illustrated notes

Levels and vault maps discovered:
D:1:      lightli_arrival_windingriver, layout_basic
D:2:      layout_rooms, nicolae_dithmenos_through_a_glass_darkly,
          marbit_many_paths, first_ration, chequers_ecumenical_altar_simple
D:3:      layout_basic, lemuel_crystal_altar, vehumet_crystals
D:4:      layout_basic
D:5:      layout_gridville, minmay_temple_entry_drinking_statues,
          portal_sewer_entry_d
D:6:      layout_basic, overflow_temple_1_default,
          nicolae_overflow_crystal_walls, uniq_pikel, uniq_edmund,
          uniq_blork_the_orc
D:7:      layout_loops_ring, lemuel_coloured_pillars_altar,
          chequers_ossuary_entry_cave
D:8:      layout_loops_ring, grunt_gozag_statues, nrook_mini_backslash,
          minmay_shop_mayhem, hangedman_pestilent_swarm,
          minmay_increasing_density
D:9:      layout_loops_ring, elyvilon_altar_5
D:10:     layout_gridville, orc_0_dummy, serial_shops, nicolae_shop_crystal,
          serial_rivers, chequers_serial_rivers_micro_d,
          chequers_serial_rivers_room_a, chequers_serial_rivers_micro_e,
          chequers_serial_rivers_micro_c
D:11:     layout_irregular_city, dpeg_lair_monsters,
          minmay_the_grid_square_5x5_3x3_mashed
          [minmay_the_grid_square_5x5_two_walls_b,
          minmay_the_grid_square_5x5_forky,
          minmay_the_grid_square_5x5_three_small,
          minmay_the_grid_square_5x5_percent,
          minmay_the_grid_square_5x5_megaprize_open,
          minmay_the_grid_square_5x5_bite, minmay_the_grid_square_5x5_minivault,
          minmay_the_grid_square_5x5_sharp_hourglass,
          minmay_the_grid_square_5x5_pentomino_r], uniq_josephine, uniq_snorg,
          uniq_urug
D:12:     layout_basic
D:13:     minmay_connected_triangles_in_corner, layout_small_grid
D:14:     layout_rooms, erik_vaults_2, enter_trove_2, old_standard_altar,
          serial_shops, bzr_entry_customers
Lair:1:   layout_cave_shapes, serial_forest, infiniplex_forest_lined_corner,
          infiniplex_forest_end_1, infiniplex_forest_end_1,
          infiniplex_forest_lined_corner, infiniplex_forest_straight_1,
          infiniplex_forest_clump_double, infiniplex_forest_clump_medium,
          infiniplex_forest_clump_double, infiniplex_forest_straight_2,
          uniq_grum
Lair:2:   layout_regular_city, gammafunk_ghost_wrathful_warriors,
          chequers_serial_rivers_micro_e, chequers_serial_rivers_small_a,
          fungi_pond_lemuel, disabler_island, serial_bayou_shore_b,
          serial_bayou_shore_b, lemuel_fruit_tree, uniq_nergalle
Lair:3:   layout_regular_city, elwin_shoals_entry_rocks,
          grunt_forest_small_clearings, infiniplex_staircase_pool
Lair:4:   layout_regular_city, nicolae_spider_entry_tight_spaces
Lair:5:   nzn_motion_control, layout_regular_city,
          dpeg_slime_entry_enclosed_altar
Lair:6:   minmay_lair_end_frog_pond, layout_cave_pods, zaba_antful_of_joy,
          uniq_sonja
Spider:1: layout_spider_delve
Spider:2: layout_spider_delve, uniq_agnes, uniq_nikola
Orc:1:    layout_caves, nicolae_orc_bridge_out
Orc:2:    grunt_orc_gardens, layout_diamond_mine, grunt_orc_garden,
          grunt_orc_garden, grunt_orc_garden, grunt_orc_garden

Skill      XL: |  1  2  3  4  5  6  7  8  9 10 11 12 13 14 15 16 |
---------------+-------------------------------------------------+-----
Fighting       | 2 4 5 6 7 9 10 | 10.0
Dodging        | 3 4 6 7 8 9 10 11 12 13 | 13.0
Long Blades    | 3 4 5 6 9 10 11 12 13 14 15 | 15.3
Armour         | 1 2 4 5 6 7 8 |  8.0
Shields        | 3 4 |  4.0
Spellcasting   | 2 |  2.0
Translocations | 2 5 7 |  7.0
Throwing       | 4 11 12 | 12.0

Action                   |  1- 3 |  4- 6 |  7- 9 | 10-12 | 13-15 | 16-18 || total
-------------------------+-------+-------+-------+-------+-------+-------++-------
Melee: Long sword        |    80 |   213 |   106 |   105 |  1317 |    46 ||  1867
       Short sword       |       |       |   424 |   854 |    38 |       ||  1316
       Kick              |       |       |       |    98 |  1020 |    32 ||  1150
       Headbutt          |       |       |       |    60 |   647 |    28 ||   735
Throw: Throwing net      |       |     2 |     2 |     6 |     1 |     1 ||    12
       Dart              |       |       |       |     9 |     7 |     3 ||    19
       Javelin           |       |       |       |    31 |    28 |       ||    59
       Boomerang         |       |       |       |     9 |    73 |     2 ||    84
 Cast: Blink             |       |       |       |    25 |     3 |       ||    28
Evoke: Wand              |       |       |       |    26 |     9 |       ||    35
  Use: Scroll            |       |     7 |     1 |    19 |    16 |     1 ||    44
       Potion            |       |       |     2 |    11 |     1 |     1 ||    15
 Stab: Held in net/web   |       |     2 |       |     5 |       |     1 ||     8
       Sleeping          |       |     1 |     3 |     1 |       |       ||     5
       Invisible         |       |       |     1 |    11 |       |       ||    12
  Eat: Chunk             |     1 |    10 |    14 |    29 |    35 |       ||    89
       Ration            |       |       |       |     5 |     5 |       ||    10
Armor: Leather armour    |    11 |       |       |       |       |       ||    11
       Ring mail         |    33 |    35 |       |       |       |       ||    68
       Scale mail        |       |    36 |   124 |   183 |   163 |    13 ||   519
       Skin              |       |       |       |       |     3 |       ||     3
Dodge: Dodged            |    82 |   115 |   284 |   887 |  1002 |    48 ||  2418
Block: Buckler           |       |       |     1 |   277 |   375 |    15 ||   668
       Rpst.: Long sword |    29 |    34 |     9 |    28 |   239 |     9 ||   348
